Map: 카이로스 정션 - 래더

Players

LiquidTaeJa (TaeJa) - Winner!

  • Race: Terran Terran
  • League: Diamond
  • Spawn Location: 11:00

DnS

  • Race: Protoss Protoss
  • Spawn Location: 5:00

Event: 2019 Assembly Summer

VOD

Have the link to the VOD?

Description

Time

  • Played on: Aug. 1, 2019, 1 p.m.
  • Length: 17:53

All games in this series

Show
View Real Time Build Order
Export as new Build Order

LiquidTaeJa Terran - Winner!

Build Orders: Reaper Expand 

Get SALT Encoding   

  12  0:00  SCV  
  13  0:12  SCV  
  14  0:16  Supply Depot  
  14  0:24  SCV  
  15  0:38  SCV  
  15  0:39  Barracks  
  16  0:43  Refinery  
  16  0:50  SCV  
  17  1:02  SCV  
  18  1:22  SCV  
  19  1:27  Reaper  
  20  1:34  Orbital Command  
  20  1:44  Command Center  
  20  1:50  Supply Depot  
  20  1:59  SCV  
  20  2:00  Barracks Reactor  
  21  2:11  SCV  
  21  2:13  Refinery  
  22  2:15  Bunker  
  22  2:23  SCV  
  23  2:35  Marine, SCV  
  23  2:36  Marine  
  26  2:39  Factory  
  26  2:47  SCV  
  27  2:53  Marine x2  
  27  2:56  Orbital Command  
  29  3:03  SCV  
  30  3:11  Marine x2  
  32  3:16  SCV  
  33  3:22  SCV  
  33  3:24  Starport  
  33  3:26  Widow Mine  
  36  3:28  SCV  
  36  3:30  Marine x2  
  39  3:35  SCV  
  39  3:36  Supply Depot  
  39  3:40  SCV  
  41  3:47  SCV  
  41  3:48  Marine  
  42  3:51  Widow Mine  
  42  3:53  SCV  
  46  3:58  Marine  
  46  3:59  Supply Depot  
  46  4:00  SCV  
  46  4:02  Medivac  
  50  4:03  Barracks  
  50  4:05  SCV  
  51  4:10  Marine  
  51  4:13  SCV  
  51  4:16  Marine  
  54  4:21  Factory Tech Lab, SCV  
  54  4:24  Supply Depot  
  55  4:25  SCV  
  55  4:33  Engineering Bay, SCV  
  55  4:36  Marine x2  
  55  4:37  SCV  
  59  4:44  Refinery  
  59  4:45  Raven, SCV  
  62  4:47  Supply Depot  
  62  4:48  Factory Tech Lab  
  62  4:49  SCV  
  63  4:53  Barracks  
  63  4:55  Marine x2, Barracks Tech Lab  
  63  4:57  SCV  
  66  5:00  Terran Infantry Weapons Level 1  
  66  5:01  SCV  
  67  5:09  Siege Tank, SCV  
  67  5:10  Refinery  
  67  5:13  SCV  
  72  5:17  Supply Depot  
  72  5:18  Marine x2  
  72  5:19  Marine  
  72  5:20  Stimpack  
  75  5:22  SCV  
  75  5:24  Supply Depot  
  75  5:25  Supply Depot, SCV  
  77  5:36  Starport Reactor, SCV  
  77  5:38  Marine x2, Marauder, SCV  
  83  5:43  Siege Tank  
  86  5:52  Combat Shield  
  86  5:53  Command Center  
  86  5:55  Marauder  
  88  5:59  Marine x2  
  88  6:03  Supply Depot x2  
  90  6:06  SCV x2  
  90  6:08  Marauder  
  94  6:14  Medivac x2  
  94  6:17  Marine x2  
  100  6:21  Marauder  
  100  6:25  Siege Tank  
  105  6:30  Marauder  
  107  6:35  Marine x2  
  109  6:42  Marauder  
  109  6:46  Medivac x2  
  115  6:48  Barracks, SCV x2  
  115  6:50  Barracks  
  115  6:51  Supply Depot  
  115  6:52  Supply Depot  
  117  6:57  Terran Infantry Armor Level 1  
  117  7:00  Marine  
  118  7:04  Marine, SCV x2  
  118  7:05  Marauder x2  
  125  7:13  Siege Tank  
  128  7:17  SCV x2  
  128  7:20  Marine  
  128  7:21  Concussive Shells  
  128  7:22  Marine  
  132  7:26  Marauder x2  
  132  7:29  SCV x2  
  138  7:34  Orbital Command  
  138  7:35  Barracks Reactor  
  138  7:37  Barracks Tech Lab  
  138  7:39  Marine  
  138  7:40  Marine  
  138  7:41  SCV x2  
  142  7:46  Siege Tank  
  136  8:05  Marine x2, Marauder x2  
  120  8:06  Marauder  
  120  8:09  Medivac x2  
  120  8:10  SCV  
  120  8:11  SCV x2  
  123  8:14  Marine x2, Refinery  
  123  8:15  Refinery  
  123  8:18  Siege Tank  
  126  8:23  Supply Depot, Marine, SCV x3  
  126  8:24  Supply Depot  
  126  8:25  Supply Depot  
  126  8:26  Marine  
  126  8:27  Marauder x3  
  135  8:31  Marine  
  138  8:37  Marine  
  138  8:38  SCV x3  
  138  8:40  Marine  
  143  8:46  Medivac x2  
  143  8:48  Marauder  
  149  8:50  Marauder x2  
  149  8:55  Engineering Bay  
  153  8:56  Armory  
  153  9:03  Marine x3  
  153  9:04  Marine  
  153  9:06  Command Center  
  153  9:08  Ghost Academy  
  153  9:09  Marauder  
  159  9:11  Marauder  
  146  9:25  Marauder  
  146  9:29  Marine  
  146  9:31  Marauder  
  132  9:33  Marauder  
  132  9:38  Siege Tank  
  129  9:41  Marine  
  129  9:42  Marine x2  
  123  9:46  Medivac x2, Marauder  
  123  9:50  Terran Infantry Weapons Level 2, Terran Infantry Armor Level 2, SCV  
  123  9:51  SCV  
  123  9:52  Marauder  
  125  9:53  Marine  
  125  9:54  Marauder  
  125  9:59  Marine x2  
  129  10:06  Marine  
  129  10:08  Marauder  
  129  10:11  Marine  
  129  10:14  Marauder  
  127  10:15  Marauder  
  127  10:16  Medivac x2  
  127  10:17  Marine x2  
  127  10:20  SCV x2  
  127  10:21  SCV  
  138  10:24  Planetary Fortress  
  136  10:29  Marauder  
  136  10:31  Marine x2  
  136  10:32  Siege Tank  
  136  10:35  Marauder  
  145  10:37  Marauder  
  145  10:40  SCV x2  
  149  10:44  Refinery  
  149  10:46  Refinery  
  149  10:48  Factory  
  148  10:50  Marauder  
  148  10:53  Marine x4  
  148  10:56  Marauder  
  151  10:58  Marauder  
  153  11:09  Siege Tank  
  153  11:11  Marine x3  
  159  11:23  Marine x3  
  161  11:29  Ghost, Command Center  
  161  11:30  Marine x2  
  161  11:31  Missile Turret  
  165  11:33  Factory Tech Lab  
  165  11:38  Factory  
  165  11:39  Sensor Tower  
  165  11:41  Siege Tank, Marauder  
  165  11:42  Marauder  
  165  11:45  Marine x2  
  174  11:48  Medivac x2  
  174  11:51  Terran Vehicle Weapons Level 1  
  174  11:52  Marine  
  174  11:53  Marine  
  180  11:54  Supply Depot  
  180  11:55  Supply Depot  
  180  11:57  Ghost  
  180  11:59  Siege Tank  
  182  12:14  Siege Tank  
  185  12:18  Sensor Tower  
  185  12:23  Factory Tech Lab  
  185  12:31  Siege Tank  
  188  12:42  Terran Infantry Weapons Level 3, Terran Infantry Armor Level 3  
  188  12:45  Command Center  
  188  12:46  Siege Tank  
  188  12:47  Command Center  
  188  12:49  Siege Tank  
  188  12:50  Marine, Marauder x2  
  190  13:03  Siege Tank  
  181  13:08  Ghost  
  181  13:09  Marine  
  181  13:10  Marine x2  
  186  13:13  Planetary Fortress, Marine, Ghost  
  186  13:18  Siege Tank  
  192  13:21  Siege Tank  
  192  13:24  Medivac  
  197  13:28  Refinery  
  197  13:29  Refinery  
  197  13:32  Sensor Tower  
  197  13:35  Siege Tank  
  200  13:48  Terran Vehicle Weapons Level 2  
  200  13:57  Command Center  
  185  14:56  Ghost x2  
  185  14:57  Ghost  
  185  14:58  Marine x4  
  181  15:04  Medivac  
  181  15:05  Medivac  
  175  15:07  Thor x3  
  175  15:09  SCV x2  
  175  15:10  SCV  
  175  15:13  Orbital Command  
  187  15:14  Orbital Command  
  187  15:15  Marine  
  187  15:16  Marine x2  
  190  15:21  Marine  
  190  15:25  Marauder x2  
  190  15:26  Marine  
  196  15:29  Barracks  
  196  15:30  Personal Cloaking  
  196  15:31  Barracks  
  196  15:32  Barracks  
  196  15:33  Marine  
  194  15:43  Ghost  
  194  15:45  Ghost  
  194  15:48  Marine x2  
  200  15:52  Smart Servos  
  195  16:12  Ghost  
  195  16:13  Ghost  
  199  16:20  Marine  
  199  16:21  Barracks Reactor, Barracks Tech Lab  
  199  16:22  Barracks Tech Lab  
  184  16:28  Marine x3, Marauder  
  184  16:29  Siege Tank x2  
  184  16:30  Command Center  
  187  16:37  Marine  
  188  16:42  Marauder x2  
  188  16:46  Command Center  
  192  16:48  Marine x3, Ghost  
  192  16:49  Marine, Marauder  
  200  16:56  Nuke  
  197  17:04  Command Center  
  190  17:10  Marine x2, Marauder x3  
  190  17:12  Marauder  
  199  17:26  Marine  
  199  17:30  Marine  
Show
View Real Time Build Order
Export as new Build Order

DnS Protoss 

Build Orders: 1 Gate Expand, Colossus Rush 

Get SALT Encoding   

  12  0:00  Probe  
  13  0:12  Probe  
  14  0:17  Pylon  
  14  0:24  Probe  
  15  0:32  Probe  
  15  0:37  Gateway  
  15  0:40  Probe  
  16  0:46  Assimilator  
  17  0:51  Probe  
  18  1:03  Probe  
  19  1:15  Probe  
  20  1:24  Cybernetics Core  
  20  1:33  Nexus  
  20  1:36  Probe  
  21  1:42  Pylon  
  21  1:48  Probe  
  21  1:50  Assimilator  
  21  1:51  Adept  
  22  2:00  Probe  
  25  2:03  Warp Gate  
  25  2:11  Stalker  
  25  2:13  Probe  
  28  2:25  Probe  
  29  2:33  Robotics Facility  
  29  2:37  Probe  
  29  2:41  Probe  
  30  2:44  Stalker  
  30  2:49  Probe x2  
  35  2:59  Probe  
  35  3:01  Probe  
  37  3:11  Probe  
  38  3:13  Observer, Probe  
  38  3:19  Gateway  
  40  3:21  Gateway  
  40  3:23  Probe  
  40  3:25  Probe  
  42  3:29  Pylon  
  42  3:31  Assimilator  
  42  3:34  Assimilator  
  42  3:35  Probe  
  42  3:37  Probe  
  45  3:41  Observer  
  45  3:46  Probe  
  46  3:49  Probe  
  46  3:52  Pylon  
  46  3:54  Probe  
  46  3:55  Robotics Bay  
  47  4:01  Probe  
  47  4:02  Probe, Stalker  
  51  4:07  Observer  
  53  4:13  Probe  
  53  4:14  Probe  
  55  4:26  Probe x2  
  55  4:29  Observer  
  58  4:32  Nexus  
  58  4:34  Pylon  
  58  4:36  Sentry  
  58  4:38  Probe  
  61  4:42  Probe  
  61  4:43  Colossus  
  68  4:54  Probe x2, Pylon  
  70  5:01  Observer, Pylon  
  70  5:13  Probe x2  
  72  5:18  Stalker x2  
  72  5:19  Extended Thermal Lance  
  72  5:21  Pylon  
  76  5:25  Probe x2  
  76  5:26  Colossus  
  76  5:27  Forge  
  78  5:31  Forge  
  78  5:38  Pylon  
  78  5:40  Probe  
  84  5:44  Probe  
  84  5:45  Probe  
  84  5:48  Sentry  
  84  5:49  Sentry  
  90  5:52  Probe  
  90  5:53  Twilight Council  
  90  5:56  Probe  
  92  5:57  Probe  
  92  5:59  Stalker  
  92  6:02  Observer  
  92  6:03  Charge  
  95  6:05  Probe  
  95  6:08  Probe  
  95  6:09  Protoss Ground Armor Level 1  
  97  6:13  Probe  
  97  6:16  Colossus  
  97  6:17  Probe  
  97  6:18  Shield Battery, Photon Cannon  
  99  6:19  Protoss Ground Weapons Level 1  
  105  6:34  Gateway  
  105  6:35  Gateway  
  105  6:38  Gateway  
  105  6:40  Gateway  
  105  6:41  Gateway  
  105  6:50  Zealot x3  
  111  6:57  Probe x2  
  111  6:59  Assimilator  
  111  7:00  Assimilator  
  112  7:01  Pylon  
  112  7:02  Pylon  
  112  7:04  Pylon  
  112  7:05  Pylon  
  112  7:07  Probe, Photon Cannon  
  113  7:09  Probe  
  113  7:10  Zealot  
  116  7:17  Photon Cannon  
  116  7:24  Zealot x2  
  118  7:31  Zealot x3  
  118  7:34  Zealot  
  118  7:35  Zealot  
  128  7:38  Blink  
  128  7:41  Zealot  
  130  7:46  Zealot  
  130  7:47  Zealot  
  134  7:53  Zealot x3  
  113  8:02  Zealot x3  
  113  8:03  Colossus  
  111  8:05  Probe x2  
  111  8:06  Probe  
  111  8:10  Stalker x2  
  118  8:13  Observer  
  118  8:17  Probe  
  118  8:18  Probe x2  
  118  8:19  Protoss Ground Armor Level 2  
  121  8:20  Protoss Ground Weapons Level 2  
  121  8:24  Observer  
  121  8:25  Observer  
  121  8:30  Probe x3  
  124  8:38  Sentry, Stalker x2  
  124  8:39  Stalker x2  
  134  8:52  Colossus  
  134  8:54  Templar Archives  
  139  9:05  Zealot x4, Stalker  
  139  9:09  Pylon  
  133  9:27  Nexus  
  133  9:29  Pylon  
  103  9:35  Zealot x6  
  89  9:48  Sentry x2  
  89  9:56  Zealot x6  
  101  10:03  Pylon  
  101  10:06  Probe x3, Pylon  
  94  10:15  High Templar x2  
  94  10:17  Gateway, Pylon  
  94  10:20  Probe x2  
  94  10:21  Gateway, Stalker x2  
  90  10:26  Pylon  
  90  10:30  Archon  
  90  10:33  Observer, Robotics Facility  
  90  10:34  Probe  
  91  10:38  High Templar x2  
  91  10:42  Archon  
  95  10:43  High Templar x2  
  95  10:44  High Templar x2  
  95  10:47  Archon  
  95  10:48  Archon  
  95  10:49  Probe x2  
  105  10:50  Probe x2  
  105  10:55  High Templar  
  105  10:56  High Templar  
  109  10:59  Archon  
  109  11:01  Probe  
  106  11:14  Stalker  
  106  11:15  Stalker x2  
  106  11:18  Probe x2  
  111  11:22  Protoss Ground Armor Level 3, Probe  
  112  11:31  High Templar x2, Zealot  
  118  11:34  Pylon  
  118  11:36  Probe x4  
  118  11:37  Pylon  
  118  11:38  Archon  
  122  11:43  Zealot x3  
  128  11:48  Probe x2  
  130  11:55  Zealot x2  
  134  12:01  Protoss Ground Weapons Level 3  
  134  12:08  Probe x4  
  134  12:14  Sentry  
  136  12:18  Zealot x6  
  148  12:33  Warp Prism  
  146  12:37  Stalker x2  
  146  12:38  Stalker x2  
  146  12:42  Zealot  
  149  12:46  Zealot x2  
  145  12:51  Zealot  
  145  12:55  Zealot x2  
  147  12:59  Probe x2  
  133  13:15  High Templar x2  
  133  13:16  High Templar x2  
  133  13:17  Zealot x3  
  147  13:22  Archon x2  
  147  13:24  Pylon  
  147  13:38  Nexus  
  145  13:50  High Templar x4  
  145  13:51  Zealot x3  
  145  13:54  Archon  
  145  13:55  Archon  
  159  14:03  Zealot x3  
  159  14:07  Pylon  
  165  14:13  Immortal  
  167  14:26  Pylon  
  167  14:28  Protoss Shields Level 1  
  167  14:31  Robotics Facility  
  167  14:48  Psionic Storm  
  167  14:51  Zealot x5  
  167  14:52  Zealot  
  169  14:53  Probe  
  163  15:07  Probe x2  
  163  15:09  High Templar x3  
  166  15:16  Probe x2  
  166  15:19  Probe  
  169  15:24  High Templar x2  
  169  15:25  High Templar  
  169  15:27  High Templar  
  177  15:39  Nexus  
  177  15:46  High Templar  
  179  15:53  Pylon  
  179  15:55  Zealot x5  
  179  15:56  Pylon  
  186  16:07  Nexus  
  176  16:13  Immortal x2  
  172  16:30  Probe x3  
  169  16:37  High Templar  
  169  16:38  High Templar x2  
  169  16:51  Warp Prism  
  169  16:52  Zealot  
  169  16:53  Nexus  
  151  17:12  Zealot x5  
  151  17:25  Archon  
  151  17:28  Zealot x3  
  141  17:42  Archon  
  141  17:43  High Templar x2  
  141  17:44  High Templar x5  
  121  17:48  Archon  
  121  17:49  Archon x2  
Tags
 
Add a new tag
Caveats
  • Supply blocks, unpowered buildings, or Contaminate may cause inaccurate times.
  • Supply counts are checked every 10 seconds.